 Dungeon Crawl Stone Soup version 0.17-a0-1037-gbf358b4 (webtiles) character file.

33 Vivisectus the Firebug (level 3, 0/25 HPs)
             Began as a Mummy Fire Elementalist on May 14, 2015.
             Slain by a centaur zombie (7 damage)
             ... on level 1 of the Dungeon.
             The game lasted 00:10:41 (3720 turns).

Vivisectus the Firebug (Mummy Fire Elementalist)    Turns: 3720, Time: 00:10:41

Health: 0/25       AC:  2    Str: 11    XL:     3   Next: 12%
Magic:  0/6        EV: 12    Int: 15    God:
Gold:   85         SH:  0    Dex: 12    Spells: 2 memorised, 3 levels left

rFire  x . .     SeeInvis .     c - -1 spear (curse)
rCold  + . .     Clarity  .     e - +0 robe
rNeg   + + +     SustAb   .     (no shield)
rPois  ∞         Gourm    .     (no helmet)
rElec  .         Spirit   .     (no cloak)
rCorr  .         Warding  .     (no gloves)
rMut   .         Stasis   .     (no boots)
MR     .....                    (no amulet)
Stlth  ++........               (no ring)
                                (no ring)

@: not resistant to hostile enchantments, unstealthy
A: no food or potions, fire vulnerability, cold resistance 1, negative energy
resistance 3, torment resistance, unbreathing
a: no special abilities


You were on level 1 of the Dungeon.
You were not hungry.

You visited 1 branch of the dungeon, and saw 1 of its levels.

You collected 85 gold pieces.

Inventory:

Hand weapons
 c - a cursed -1 spear (weapon)
 d - a +0 short sword
 g - a +0 short sword
 h - a +2 dagger of electrocution
Armour
 a - a +0 robe
 e - a +0 robe (worn)
 f - a +0 chain mail
Books
 b - a book of Flames

   Spells                             Type                      Level
   a - Flame Tongue                   Conjuration/Fire             1
   b - Throw Flame                    Conjuration/Fire             2
   c - Conjure Flame                  Conjuration/Fire             3
   d - Inner Flame                    Hexes/Fire                   3
   e - Sticky Flame                   Conjuration/Fire             4
   f - Fireball                       Conjuration/Fire             5


   Skills:
 + Level 0.8 Fighting
 + Level 0.2 Polearms
 - Level 1.5 Dodging
 - Level 1.5 Stealth
 + Level 0.1 Unarmed Combat
 + Level 2.1 Spellcasting
 + Level 1.1 Conjurations
 + Level 3.0 Fire Magic


You had 3 spell levels left.
You knew the following spells:

 Your Spells              Type           Power        Failure   Level  Hunger
a - Flame Tongue          Conj/Fire      #....        12%         1    N/A
b - Throw Flame           Conj/Fire      #.....       14%         2    N/A

Dungeon Overview and Level Annotations

Branches:
Dungeon (1/15)

Altars:


Innate Abilities, Weirdness & Mutations

You do not eat or drink.
Your flesh is vulnerable to fire.
You are immune to poison.
Your flesh is cold resistant.
You are immune to negative energy.
You are immune to unholy pain and torment.
You can survive without breathing.


Message History

Confirm with . or Enter, or press ? or * to list all spells.
Aiming: Throw Flame
Press: ? - help, Shift-Dir - straight line, f/p - centaur zombie
Aim: a centaur zombie The puff of flame hits the centaur zombie.
Casting: Throw Flame
Confirm with . or Enter, or press ? or * to list all spells.
You don't have enough magic to cast that spell.
Unknown command.
You hit the centaur zombie. The centaur zombie closely misses you.
You hit the centaur zombie but do no damage.
The centaur zombie hits you.
You hit the centaur zombie. The centaur zombie closely misses you.
The centaur zombie hits you.
You hit the centaur zombie but do no damage.
The centaur zombie hits you!
You hit the centaur zombie. The centaur zombie hits you.
* * * LOW HITPOINT WARNING * * *
The centaur zombie hits you!
You die...

##>## ##...## ##.######### #.#
##.## ##.#.######## #.# #.#
#.###.......# #.#
####.#######†#........# #.#
##..........##.#######.#
#.######......####>##.#######.#
#........#.###.###.........##.#
#.#####....# #........####!##.#
#.# #)...###@Z..)...# ##.##.#
##.#####.###...#.#.###.###...#.#
##...........##.#.#.# #..........
#.....###)##.##.#.#.#######...###
##...##...##.##.#....#######.####
##(.##..........>........##.###.
#..........####....####........
#..##.#.##.####...########.###.
#..##.#...............# #.# #.


You could see a centaur zombie.

Vanquished Creatures
  2 giant geckos (D:1)
  A ball python (D:1)
  5 bats (D:1)
  6 hobgoblins (D:1)
  A giant cockroach (D:1)
  A giant newt (D:1)
  2 goblins (D:1)
  7 kobolds (D:1)
  7 rats (D:1)
32 creatures vanquished.

Notes
Turn   | Place    | Note
--------------------------------------------------------------
     0 | D:1      | Vivisectus the Mummy Fire Elementalist began the quest for the Orb.
     0 | D:1      | Reached XP level 1. HP: 13/13 MP: 3/3
   282 | D:1      | Reached skill level 1 in Conjurations
   563 | D:1      | Reached XP level 2. HP: 13/19 MP: 1/5
   834 | D:1      | Learned a level 2 spell: Throw Flame
  1948 | D:1      | Reached skill level 3 in Fire Magic
  2495 | D:1      | Reached XP level 3. HP: 18/25 MP: 0/6
  3712 | D:1      | Noticed a centaur zombie
  3720 | D:1      | Slain by a centaur zombie

Vault maps used:
D:1:      dpeg_arrival_tiny_h

Action                   || total
-------------------------++-------
Melee: Unarmed           ||    15
       Spear             ||    45
 Cast: Flame Tongue      ||    21
       Throw Flame       ||    26
  Use: Scroll            ||     2
